 Dungeon Crawl Stone Soup version 0.17.1-3-g152610e (webtiles) character file.

57 Gargoyl the Skirmisher (level 3, -4/29 HPs)
             Began as a Demonspawn Abyssal Knight on Mar 9, 2016.
             Was a Follower of Lugonu.
             Killed by nerve-wracking pain
             ... invoked by Jessica
              (13 damage)
             ... on level 2 of the Dungeon.
             The game lasted 00:02:39 (1759 turns).

Gargoyl the Skirmisher (Demonspawn Abyssal Knight)  Turns: 1759, Time: 00:02:39

Health: -4/29      AC:  5    Str: 13    XL:     3   Next: 73%
Magic:  0/5        EV: 11    Int: 13    God:    Lugonu [*.....]
Gold:   57         SH:  0    Dex: 12    Spells: 0 memorised, 2 levels left

rFire  . . .     SeeInvis .     a - +1 hand axe
rCold  . . .     Clarity  .     b - +0 leather armour
rNeg   . . .     SustAt   .     (no shield)
rPois  .         Gourm    .     (no helmet)
rElec  .         Spirit   +     (no cloak)
rCorr  .         Warding  .     (no gloves)
rMut   .         Stasis   .     (no boots)
MR     .....                    (no amulet)
Stlth  +.........               (no ring)
                                (no ring)

@: heavily drained, not resistant to hostile enchantments, very unstealthy
A: slimy green scales 1, magic shield
a: Depart the Abyss, Renounce Religion


You were on level 2 of the Dungeon.
You worshipped Lugonu.
Lugonu was aware of your devotion.
You were not hungry.

You visited 1 branch of the dungeon, and saw 2 of its levels.
You visited the Abyss 1 time.

You collected 57 gold pieces.

Inventory:

Hand Weapons
 a - a +1 hand axe (weapon)
Armour
 b - a +0 leather armour (worn)
Scrolls
 d - a scroll of identify {unknown}
 e - a scroll of random uselessness {unknown}
 g - a scroll of magic mapping {unknown}
Comestibles
 c - a bread ration
 f - 2 chunks of flesh


   Skills:
 + Level 3.5(2.3) Fighting
 + Level 2.2(1.1) Axes
 + Level 2.1(1.0) Armour
 + Level 1.6(0.5) Dodging
 + Level 0.4(0.0) Stealth
 + Level 3.1(2.0) Invocations


You had 2 spell levels left.
You didn't know any spells.

Dungeon Overview and Level Annotations

Branches:
Dungeon (2/15)

Altars:
Ashenzari

Annotations:
D:2 Jessica


Innate Abilities, Weirdness & Mutations

You are partially covered in slimy green scales (AC +2).
When hurt, damage is shared between your health and your magic reserves.


Message History

The hobgoblin hits you with a club. The kobold hits you with a whip.
Unknown command.
You hit the kobold.
You kill the kobold!
Lugonu accepts your kill.
You hit the hobgoblin.
You kill the hobgoblin!
Lugonu accepts your kill.
Unknown command.
You see here a whip.
You hit Jessica but do no damage. Jessica closely misses you. Jessica hits you.
You closely miss Jessica. Jessica hits you.
Jessica gestures wildly while chanting.
Jessica blinks!
Jessica hits you. Jessica gestures at you while chanting.
Pain shoots through your body! Jessica hits you but does no damage.
Jessica casts a spell at you. Pain shoots through your body!
You die...

.....<.....########.##
..............#......#
.....................#
......#...............
..!.......(...........
.....##...........>...
....###...............
.. .......@.).........
# #####....@<.......#
##.....#.....##
#############


You could see Jessica.

Vanquished Creatures
  Ijyb (D:1)
  3 bats
  4 giant cockroaches (D:1)
  3 hobgoblins
  2 ball pythons (D:1)
  2 giant newts (D:2)
  3 goblins (D:1)
  4 kobolds
  7 rats
29 creatures vanquished.

Vanquished Creatures (others)
  2 starspawn tentacles (Abyss:1)
2 creatures vanquished.

Grand Total: 31 creatures vanquished

Notes
Turn   | Place    | Note
--------------------------------------------------------------
     0 | Abyss:1  | Gargoyl the Demonspawn Abyssal Knight began the quest for the Orb.
     0 | Abyss:1  | Reached XP level 1. HP: 18/18 MP: 2/2
    48 | Abyss:1  | Noticed a tentacled starspawn
    54 | Abyss:1  | Noticed an ancient zyme
    93 | D:1      | Escaped the Abyss
   440 | D:1      | Reached skill level 1 in Dodging
   648 | D:1      | Reached * piety under Lugonu
   648 | D:1      | Gained mutation: You are partially covered in slimy green scales (AC +2). [demonic ancestry]
   648 | D:1      | Reached XP level 2. HP: 21/24 MP: 3/3
   651 | D:1      | Found a shattered altar of Ashenzari.
  1553 | D:2      | Noticed Ijyb
  1557 | D:2      | Noticed Jessica
  1587 | D:1      | Killed Ijyb
  1587 | D:1      | Gained mutation: When hurt, damage is shared between your health and your magic reserves. [demonic ancestry]
  1587 | D:1      | Reached XP level 3. HP: 16/29 MP: 5/5
  1759 | D:2      | Killed from afar by Jessica

Action                   || total
-------------------------++-------
Melee: Hand axe          ||    98
Invok: Depart the Abyss  ||     1
  Use: Potion            ||     1
 Stab: Sleeping          ||     1
       Distracted        ||     1
  Eat: Chunk             ||     3
